 Dungeon Crawl Stone Soup version 0.28-a0-1235-g7c8fac35f0 (webtiles) character file.

Game seed: 821382838163266473

7 MacCMillion the Chiller (level 1, 18/18 HPs)
             Began as a Troll Ice Elementalist on Dec 25, 2021.
             Was a Follower of Kikubaaqudgha.
             Quit the game on level 1 of the Dungeon.
             The game lasted 00:01:08 (149 turns).

MacCMillion the Chiller (Troll Ice Elementalist)     Turns: 149, Time: 00:01:09

Health: 18/18      AC:  4    Str: 15    XL:     1   Next: 83%
Magic:  1/1        EV:  9    Int: 11    God:    Kikubaaqudgha [*.....]
Gold:   0          SH:  0    Dex: 10    Spells: 1/2 levels left

rFire   . . .      SeeInvis .     - Unarmed
rCold   . . .      Faith    .   (no shield)
rNeg    + . .      Spirit   .   a - +0 robe
rPois   .          Reflect  .   (helmet restricted)
rElec   .          Harm     .   (no cloak)
rCorr   .          Rampage  .   (gloves unavailable)
Will    .....                   (boots unavailable)
Stlth   +.........              (no amulet)
HPRegen 0.86/turn               c - ring of positive energy
MPRegen 0.07/turn               (no ring)

@: no status effects
A: large, unfitting armour, claws 3, regeneration 1, shaggy fur 1, tough skin 1
a: Renounce Religion, Receive Corpses


You were on level 1 of the Dungeon.
You worshipped Kikubaaqudgha.
Kikubaaqudgha was aware of your devotion.
You visited 1 branch of the dungeon, and saw 1 of its levels.

Inventory:

Armour
 a - a +0 robe (worn)
Jewellery
 c - a ring of positive energy (left claw)
Scrolls
 b - a scroll of fear {unknown}
 d - a scroll of magic mapping {unknown}
 e - a scroll of summoning {unknown}


   Skills:
 + Level 0.4 Fighting
 - Level 1.5 Dodging
 - Level 1.0 Stealth
 * Level 1.0 Unarmed Combat
 - Level 1.2 Spellcasting
 + Level 3.0 Ice Magic


You had one spell level left.
You knew the following spells:

 Your Spells              Type           Power      Damage    Failure   Level
a - Freeze                Ice            28%        1d5       9%          1

Your spell library contained the following spells:

 Spells                   Type           Power      Damage    Failure   Level
 Animate Skeleton         Necr           0%         N/A       32%         1
 Pain                     Necr           0%         1d4       32%         1
 Frozen Ramparts          Ice            14%        1d3       26%         3
 Ozocubu's Armour         Ice            7%         N/A       26%         3
 Sublimation of Blood     Necr           0%         N/A       43%         2
 Vampiric Draining        Necr           0%         2d6       67%         3
 Hailstorm                Conj/Ice       4%         3d4       86%         4


Dungeon Overview and Level Annotations

Branches:
Dungeon (1/15)

Altars:
Kikubaaqudgha


Innate Abilities, Weirdness & Mutations

You are too large for most types of armour.
You have claws for hands.
Your natural rate of healing is unusually fast.
You are covered in fur. (AC +1)
You have tough skin. (AC +1)


Message History

No target in view!
No target in view!
No target in view!
Found a faded altar of an unknown god.
e - a scroll labelled BULAUL FOICWI You see here a +0 leather armour.
A ball python comes into view.
The ball python hisses angrily.
A ball python is nearby!
A ball python is nearby!
A ball python is nearby!
The ball python bites you but does no damage.
You scratch the ball python.
The ball python is severely wounded.
The ball python barely misses you.
You barely miss the ball python.
The ball python is severely wounded.
The ball python barely misses you.
A rat comes into view.
You claw the ball python!
You kill the ball python!
Your Unarmed Combat skill increases to level 1!
You see here a ball python corpse.
The rat bites you but does no damage.
You barely miss the rat. The rat barely misses you.
You barely miss the rat. The rat bites you but does no damage.
You claw the rat!
You kill the rat!
No target in view!
No target in view!
There is a faded altar of an unknown god here.
You cannot tell which god this altar belongs to.
Convert to them anyway?
Kikubaaqudgha accepts your prayer! Kikubaaqudgha welcomes you!
You can now receive cadavers from Kikubaaqudgha.
Kikubaaqudgha grants you a gift!
You add the spells Pain, Sublimation of Blood, Animate Skeleton and Vampiric Draining to your library.
Unknown command.
Press < or > to pray at altars.
Are you sure you want to abandon this character and quit the game? (Confirm with "yes".)

#...##.........##
###.###.........#
#.............#
#####.........#
#.........#
#.........#
##.......##
#.........#
#.[...@...#
#......_^.#
#.......^.#
#.........#
##.......##
##.....## #######


There were no monsters in sight!

Vanquished Creatures
  2 ball pythons (D:1)
  A kobold (D:1)
  2 bats (D:1)
  2 rats (D:1)
7 creatures vanquished.

Notes
Turn   | Place    | Note
-------+----------+-------------------------------------------
     0 | D:1      | MacCMillion the Troll Ice Elementalist began the quest for
                  | the Orb.
     0 | D:1      | Reached XP level 1. HP: 16/16 MP: 1/1
    74 | D:1      | Reached skill level 3 in Ice Magic
   102 | D:1      | Found a faded altar of an unknown god.
   129 | D:1      | Reached skill level 1 in Unarmed Combat
   147 | D:1      | Prayed at the altar of an unknown god.
   147 | D:1      | Became a worshipper of Kikubaaqudgha
   147 | D:1      | Reached * piety under Kikubaaqudgha
   147 | D:1      | Received a gift from Kikubaaqudgha
   149 | D:1      | Quit the game

Illustrated notes

Levels and vault maps discovered:
D:1:      kennysheep_arrival_seaside, layout_rooms,
          ebering_ecumenical_altar_webs

Skill      XL: |  1 |
---------------+----+-----
Ice Magic      | 3 |  3.0
Unarmed Combat | 1 |  1.0
Fighting       | |  0.4
Dodging        | |  1.5
Stealth        | |  1.0
Spellcasting   | |  1.2

Action                   || total
-------------------------++-------
Melee: Unarmed           ||    19
Armor: Robe              ||    10
Dodge: Dodged            ||     9

Table legend: (Time is in decaauts)
 A = Elapsed time spent in this place.
 B = Non-inter-level travel time spent in this place.
 C = Inter-level travel time spent in this place.
 D = Time resting spent in this place.
 E = Time spent auto-exploring this place.
 F = Levels seen in this place.
 G = Mean time per level.
                   A        B        C        D        E       F      G
               +--------+--------+--------+--------+--------+-----+--------+
         Total |    148 |    148 |      0 |      0 |     80 |   1 |  148.0 |
       Dungeon |    148 |    148 |      0 |      0 |     80 |   1 |  148.0 |
               +--------+--------+--------+--------+--------+-----+--------+

Top non-repeatable levels by time:
     D:1: 148 daAuts
